 Dungeon Crawl Stone Soup version 0.32-a0-995-gb4a59205af (webtiles) character file.

Game seed: 14961819749175067844

58 horus123 the Magician (level 3, 0/24 HPs)
             Began as a Demonspawn Earth Elementalist on Apr 22, 2024.
             Slain by a gnoll
             ... wielding a +0 halberd
              (8 damage)
             ... on level 2 of the Dungeon.
             The game lasted 00:01:47 (1125 turns).

horus123 the Magician (DsEE)                        Turns: 1125, Time: 00:01:48

Health: 0/24       AC:  5    Str:  8    XL:     3   Next: 76%
Magic:  4/8        EV: 11    Int: 17    God:
Gold:   99         SH:  0    Dex: 13    Spells: 5/9 levels left

rFire   . . .        i - +2 dagger (speed)
rCold   . . .        (no shield)
rNeg    . . .        a - +0 robe
rPois   .            (no helmet)
rElec   .            (no cloak)
rCorr   .            (no gloves)
SInv    .            (no boots)
Will    +....        (no amulet)
Stlth   ++           j - ring of willpower
HPRegen 0.24/turn    (no ring)
MPRegen 0.11/turn

%: no passive effects
@: no status effects
A: thin metallic scales 2
a: no special abilities


You were on level 2 of the Dungeon.
You visited 1 branch of the dungeon, and saw 2 of its levels.

You collected 99 gold pieces.

Inventory:

Hand Weapons
 f - a +0 falchion
 i - a +2 dagger of speed (weapon)
Armour
 a - a +0 robe (worn)
Jewellery
 j - a ring of willpower (left hand)
Scrolls
 c - a scroll of poison {unknown}
 d - 3 scrolls of identify {unknown}
 e - a scroll of revelation {unknown}
 l - a scroll of teleportation {unknown}
Potions
 b - a potion of magic
 g - a potion of degeneration {unknown}
 h - a potion of curing {unknown}
 k - a potion of haste {unknown}


   Skills:
 - Level 1.7 Dodging
 - Level 1.7 Stealth
 + Level 3.9 Spellcasting
 - Level 1.0 Conjurations
 - Level 2.6 Earth Magic


You had 5 spell levels left.
You knew the following spells:

 Your Spells              Type           Power      Damage    Failure   Level
a - Sandblast             Erth           24%        2d8       5%          1
b - Stone Arrow           Conj/Erth      18%        3d8       22%         3

Your spell library contained the following spells:

 Spells                   Type           Power      Damage    Failure   Level
 Passwall                 Erth           12%        N/A       16%         3
 Brom's Barrelling Bould  Conj/Erth      9%         2d3       58%         4
 Petrify                  Alch/Erth      7%         N/A       67%         4


Dungeon Overview and Level Annotations

Branches:
Dungeon (2/15)

Altars:


Innate Abilities, Weirdness & Mutations

You are mostly covered in thin metallic scales. (AC +3)


Message History

A quokka is nearby!
The blast of sand hits the quokka!
You kill the quokka!
Your magical contamination has completely faded away.
Magic restored.
An adder comes into view.
The adder hisses angrily.
The blast of sand misses the adder.
The adder bites you but does no damage.
An adder is nearby!
The blast of sand hits the adder!
You kill the adder!
Found a sling.
No target in view!
A gnoll comes into view. It is wielding a +0 spear.
Found a stone staircase leading up.
The gnoll shouts!
A gnoll comes into view. It is wielding a +0 halberd.
A gnoll comes into view. It is wielding a +0 flail.
The gnoll shouts!
The blast of sand hits the gnoll.
The gnoll is moderately wounded.
The gnoll shouts!
A gnoll comes into view. It is wielding a +0 flail.
The blast of sand hits the gnoll!
You kill the gnoll!
The gnoll shouts!
The blast of sand hits the gnoll.
The gnoll is moderately wounded.
The gnoll barely misses you. x2
The blast of sand hits the gnoll.
The gnoll is severely wounded.
The gnoll hits you from afar with a +0 halberd!
The blast of sand hits the gnoll!
The gnoll is heavily wounded.
The gnoll barely misses you. The gnoll hits you with a +0 flail.
The gnoll barely misses you. The gnoll hits you with a +0 flail.
The gnoll attacks as it pursues you!
The gnoll hits you from afar with a +0 halberd!
You die...

### ...###### #####
......)#####g..#
#.#.......@.g.)#
#........###g.......
...##...## ##.##..<.
##.## ## ... #.# .
#.######.#
#........##
######...##
##.....##


You could see 3 gnolls.

Vanquished Creatures
  2 gnolls
  An adder (D:2)
  2 dart slugs (D:1)
  4 bats
  3 giant cockroaches (D:1)
  2 hobgoblins (D:1)
  5 kobolds (D:1)
  4 quokkas
  A frilled lizard (D:1)
  2 rats (D:1)
26 creatures vanquished.

Notes
Turn   | Place    | Note
-------+----------+-------------------------------------------
     0 | D:1      | horus123 the Demonspawn Earth Elementalist began the quest
                  | for the Orb.
     0 | D:1      | Reached XP level 1. HP: 13/13 MP: 3/3
   208 | D:1      | Gained mutation: You are partially covered in thin metallic
                  | scales. (AC +2) [demonic ancestry]
   208 | D:1      | Reached XP level 2. HP: 19/19 MP: 2/5
   335 | D:1      | Reached skill level 3 in Spellcasting
   490 | D:1      | Gained mutation: You are mostly covered in thin metallic
                  | scales. (AC +3) [demonic ancestry]
   490 | D:1      | Reached XP level 3. HP: 24/24 MP: 3/7
   531 | D:1      | Learned a level 3 spell: Stone Arrow
  1125 | D:2      | Slain by a gnoll

Illustrated notes

Levels and vault maps discovered:
D:1:      erik_arrival_blinker_ship, layout_basic, minmay_split_cup_large
D:2:      layout_loops_corners, serial_shops, nicolae_shop_gibbet_a_chance,
          uniq_terence

Skill      XL: |  1  2 |
---------------+-------+-----
Spellcasting   | 3 |  3.9
Dodging        | |  1.7
Stealth        | |  1.7
Conjurations   | |  1.0
Earth Magic    | |  2.6

Action                     || total
---------------------------++-------
  Melee: Unarmed           ||    16
         Punch             ||     2
   Cast: Sandblast         ||    40
 Armour: Robe              ||    22
  Dodge: Dodged            ||    21

Table legend: (Time is in decaauts)
 A = Elapsed time spent in this place.
 B = Non-inter-level travel time spent in this place.
 C = Inter-level travel time spent in this place.
 D = Time resting spent in this place.
 E = Time spent auto-exploring this place.
 F = Levels seen in this place.
 G = Mean time per level.
                   A        B        C        D        E       F      G
               +--------+--------+--------+--------+--------+-----+--------+
         Total |   1143 |   1135 |      8 |     47 |    921 |   2 |  571.5 |
       Dungeon |   1143 |   1135 |      8 |     47 |    921 |   2 |  571.5 |
               +--------+--------+--------+--------+--------+-----+--------+

Top non-repeatable levels by time:
     D:1: 1061 daAuts
     D:2: 81 daAuts
